cohdb
Replays
Latest Replays
All Replays
Popular Replays
Top Player Replays
Match Explorer
How It Works
Community
CoH3 Stats
Reddit
Sign in to upload your games and track your stats! →
Sign in with Steam
Match 47133813
Unlisted
Match 47133813
Overview
Messages
Build Orders
End
250 Light Carrier
Selects Italian Infantry
Selects Defensive Operations
Construct Light Support Kompanie
Construct Mechanized Kompanie
Selects Territory Booby Traps
Marder III Tank Destroyer
Selects Propaganda War
Marder III Tank Destroyer
Panzerpioneer Squad
Construct Panzerarmee Kommand
250 Light Carrier
Selects Guastatori Squad
Armored Reserves
Marder III Tank Destroyer
Propaganda War
Selects L6/40 Light Tank Combat Group
Selects Registered Artillery
Registered Artillery
Propaganda War
Propaganda War
Selects Towed Cannone da 105/28 Field Howitzer
Tiger Heavy Tank
Registered Artillery
Propaganda War
castaneda_82
Montoya
mav2kfk
renweareren
Aqely
Deathwing The Boss
yakuzi
DK
0
0
Comments
sign in to comment!
No comments posted yet!